Map: Dead of Night

Players

ERNESTOWIO

  • Race: Terran Terran
  • Spawn Location: 0:00

RyuKey

  • Race: Protoss Protoss
  • League: Diamond
  • Spawn Location: 0:00

VOD

Have the link to the VOD?

Description

Time

  • Played on: June 16, 2020, 10:41 a.m.
  • Length: 34:26
Show
View Real Time Build Order
Export as new Build Order

ERNESTOWIO Terran 

Build Orders:  

Get SALT Encoding   

  12  0:07  SCV  
  13  0:39  SCV  
  14  0:56  SCV  
  14  0:57  Supply Depot  
  15  1:24  Barracks  
  15  1:27  SCV  
  16  1:32  Refinery  
  16  1:38  Refinery  
  16  1:42  Supply Depot  
  16  1:44  SCV  
  17  1:50  Refinery  
  17  2:01  SCV  
  18  2:15  Bunker  
  18  2:18  SCV  
  19  2:29  Supply Depot  
  19  2:35  SCV  
  19  2:39  Barracks Reactor  
  20  2:52  SCV  
  20  2:58  Bunker  
  21  3:09  SCV  
  22  3:26  SCV  
  22  3:29  Engineering Bay  
  23  3:32  Marine  
  23  3:35  Marine  
  25  3:43  SCV  
  25  3:45  Marine x2  
  28  3:59  Bunker  
  28  4:00  SCV  
  28  4:02  Marine  
  28  4:03  Marine  
  31  4:13  Marine x2  
  31  4:17  SCV  
  34  4:29  Marine x2  
  34  4:39  Marine x2  
  36  4:42  SCV  
  39  5:05  Barracks  
  39  5:14  Supply Depot  
  39  5:34  Barracks  
  39  5:45  SCV  
  39  5:47  Supply Depot  
  40  5:59  Factory  
  40  6:01  SCV  
  41  6:18  SCV  
  41  6:19  Supply Depot  
  42  6:35  SCV  
  43  6:52  SCV  
  44  7:03  Bunker  
  44  7:08  Supply Depot  
  44  7:09  SCV  
  45  7:13  Supply Depot  
  45  7:23  Factory Tech Lab  
  45  7:24  Barracks Reactor, Barracks Tech Lab  
  45  7:26  SCV  
  46  7:35  Bunker  
  46  7:39  Supply Depot  
  46  7:43  SCV  
  46  7:46  Supply Depot  
  47  8:00  SCV  
  48  8:15  Bunker  
  48  8:17  SCV  
  49  8:29  Armory  
  49  8:34  SCV  
  49  8:39  Starport  
  50  8:47  Bunker  
  50  8:51  SCV  
  51  9:08  SCV  
  52  9:23  Neosteel Frame  
  52  9:25  SCV  
  53  9:34  Starport Tech Lab  
  53  9:39  Starport  
  53  9:41  Missile Turret  
  53  9:42  SCV  
  53  9:48  Marine x3  
  53  9:49  Marine  
  54  9:58  Marine x2  
  58  10:08  Missile Turret  
  60  10:18  Terran Vehicle and Ship Weapons Level 1  
  60  10:21  Marine x2  
  62  10:35  Marine x2  
  62  10:37  Missile Turret  
  65  10:45  Marine x2  
  66  10:58  Marine x3  
  66  10:59  Marine  
  70  11:13  Structure Armor  
  70  11:17  Supply Depot  
  70  11:22  Supply Depot  
  70  11:25  Supply Depot  
  70  11:37  Marine x2  
  70  11:39  Marine x2  
  71  11:49  Marine x2  
  74  11:50  Supply Depot  
  74  11:52  Marine x2  
  74  11:55  Supply Depot  
  74  11:59  Supply Depot  
  78  12:13  Terran Infantry Weapons Level 1  
  78  12:27  Supply Depot  
  78  12:31  Supply Depot  
  78  12:39  Unknown  
  78  12:51  Marine  
  78  12:52  Marine  
  78  12:54  Marine x2  
  78  12:57  Marine  
  78  12:58  Terran Vehicle And Ship Armor Level 1  
  82  13:04  Supply Depot  
  82  13:07  Marine  
  83  13:13  Supply Depot  
  83  13:17  Supply Depot  
  84  13:27  Starport Tech Lab  
  84  13:36  Orbital Command  
  84  13:41  Siege Tank  
  87  14:02  Siege Tank  
  90  14:22  Siege Tank  
  90  14:29  Stabilizer Medpacks  
  93  14:42  Siege Tank  
  93  14:53  Terran Infantry Armor Level 1  
  93  15:02  Siege Tank  
  96  15:25  Supply Depot  
  96  15:33  Marine x2  
  96  15:35  Marine  
  96  15:38  Advanced Optics  
  99  15:42  Bunker  
  99  16:22  Siege Tank  
  99  16:29  Cloaking Field  
  102  16:42  Siege Tank  
  105  17:03  Siege Tank  
  108  17:22  Incinerator Gauntlets  
  108  17:23  Siege Tank  
  108  17:25  Replenishable Magazine  
  111  17:38  Afterburners  
  111  17:41  Fusion Core  
  111  17:43  Siege Tank  
  114  18:19  Phobos Weapons System  
  114  18:22  Juggernaut Plating  
  114  18:24  Cerberus Mines  
  114  18:38  Terran Vehicle and Ship Weapons Level 2, Supply Depot  
  114  19:01  Terran Infantry Weapons Level 2  
  114  19:03  Battlecruiser  
  120  19:10  Supply Depot  
  120  19:21  Battlecruiser  
  120  19:22  Concussive Shells  
  120  19:24  Advanced Siege Tech  
  126  19:43  Supply Depot  
  126  20:33  Weapon Refit  
  126  20:35  Battlecruiser  
  132  21:07  Siege Tank  
  135  21:27  Siege Tank  
  138  21:48  Terran Vehicle And Ship Armor Level 2  
  138  22:11  Terran Infantry Armor Level 2  
  138  22:14  Supply Depot  
  138  22:46  Bunker  
  138  23:06  Battlecruiser  
  138  23:07  Battlecruiser  
  150  23:22  Supply Depot  
  150  23:25  Marine x3  
  153  23:53  Supply Depot  
  153  24:06  Battlecruiser  
  153  24:07  Battlecruiser  
  165  24:26  Supply Depot  
  165  24:36  Siege Tank  
  168  24:56  Siege Tank  
  168  24:58  Supply Depot  
  171  25:16  Missile Turret  
  171  25:18  Missile Turret  
  171  25:19  SCV  
  172  26:01  Battlecruiser  
  172  26:02  Battlecruiser  
  184  26:54  SCV  
  185  27:03  Terran Vehicle and Ship Weapons Level 3  
  185  27:15  Missile Turret  
  184  28:23  Terran Infantry Weapons Level 3  
  184  29:36  Battlecruiser  
  190  30:55  Supply Depot  
  190  31:23  Battlecruiser  
  190  31:26  Supply Depot  
  196  31:52  Battlecruiser  
Show
View Real Time Build Order
Export as new Build Order

RyuKey Protoss 

Build Orders:  

Get SALT Encoding   

  12  0:03  Probe (Chrono Boost)  
  13  0:17  Probe (Chrono Boost)  
  14  0:31  Probe (Chrono Boost)  
  14  0:38  Pylon  
  15  0:53  Assimilator  
  15  1:02  Probe (Chrono Boost)  
  16  1:11  Gateway  
  16  1:16  Probe (Chrono Boost)  
  16  1:17  Pylon  
  17  1:30  Probe (Chrono Boost)  
  18  1:41  Assimilator  
  18  1:44  Probe (Chrono Boost)  
  19  1:52  Assimilator  
  19  1:58  Probe (Chrono Boost)  
  20  2:12  Probe (Chrono Boost)  
  21  2:26  Probe (Chrono Boost)  
  21  2:28  Cybernetics Core  
  17  2:40  Probe (Chrono Boost)  
  23  2:53  Probe (Chrono Boost)  
  23  2:59  Pylon  
  24  3:07  Probe (Chrono Boost)  
  25  3:21  Dragoon x2  
  25  3:25  Zealot  
  25  3:29  Probe (Chrono Boost)  
  32  3:52  Forge  
  32  3:59  Forge  
  32  4:17  Probe (Chrono Boost)  
  33  4:22  Dragoon, Protoss Ground Weapons Level 1  
  35  4:43  Pylon  
  35  4:48  Protoss Ground Armor Level 1  
  35  5:08  Pylon  
  35  5:33  Dragoon x2  
  39  5:45  Robotics Facility  
  39  5:56  Gateway  
  39  5:57  Pylon  
  39  6:10  Twilight Council  
  39  6:47  Probe (Chrono Boost)  
  40  6:57  Observer  
  41  7:03  Protoss Ground Weapons Level 2  
  41  7:07  Dragoon x3  
  41  7:08  Dragoon  
  49  7:31  Protoss Ground Armor Level 2  
  49  7:35  Trillic Compresion Mesh  
  49  8:15  Dragoon x3  
  55  9:03  Pylon  
  55  9:06  Pylon  
  55  9:07  Pylon  
  55  9:09  Pylon  
  55  9:11  Singularity Charge  
  55  9:13  Pylon  
  55  9:36  Dragoon x5  
  65  10:06  Dragoon  
  67  10:36  Dragoon x2  
  69  11:15  Dragoon x2  
  69  11:16  Dragoon  
  75  11:20  Immortal  
  79  11:57  Pylon  
  79  12:05  Pylon  
  79  12:11  Pylon  
  79  12:24  Pylon  
  79  12:38  Dragoon x4  
  79  12:39  Dragoon  
  89  12:44  Protoss Ground Weapons Level 3  
  89  13:06  Whirlwind  
  89  13:13  Zealot x2  
  89  13:19  Protoss Ground Armor Level 3  
  93  13:46  Immortal  
  96  14:14  Robotics Bay  
  96  15:05  Dragoon x2  
  96  15:06  Dragoon x4  
  104  16:19  Protoss Shields Level 1  
  104  16:32  Dragoon x2  
  104  16:33  Dragoon x2  
  104  16:38  Charge  
  112  16:56  Zealot  
  114  17:09  Dragoon  
  116  17:20  Scarab Housing  
  116  17:32  Pylon  
  116  17:50  Pylon  
  116  17:52  Pylon  
  114  18:11  Pylon  
  114  18:13  Pylon  
  114  18:17  Dragoon x5  
  114  18:18  Dragoon  
  120  18:31  Observer  
  120  18:32  Protoss Shields Level 2  
  121  18:58  Zealot x2  
  125  19:17  Reaver  
  131  19:31  Dragoon  
  131  19:44  Zealot  
  133  20:10  Zealot  
  124  20:55  Solarite Payload  
  124  21:28  Pylon x2  
  124  22:05  Protoss Shields Level 3  
  124  22:09  Zealot x5  
  134  22:18  Probe (Chrono Boost)  
  134  22:41  Pylon  
  134  22:46  Pylon  
  132  22:59  Improved Barrier  
  132  23:13  Probe (Chrono Boost)  
  133  23:26  Photon Cannon  
  133  23:29  Photon Cannon  
  134  23:30  Probe (Chrono Boost), Photon Cannon  
  134  23:32  Photon Cannon  
  134  23:34  Photon Cannon  
  134  23:35  Photon Cannon  
  134  23:43  Photon Cannon  
  134  23:51  Observer  
  134  24:38  Photon Cannon x2  
  134  24:43  Photon Cannon  
  134  24:45  Photon Cannon  
  134  24:46  Photon Cannon  
  134  24:49  Photon Cannon  
  134  25:07  Templar Archives  
  134  26:33  Pylon  
  134  26:34  Pylon  
  134  26:36  Pylon  
  134  26:47  Photon Cannon  
  134  26:49  Photon Cannon  
  134  26:52  Photon Cannon  
  134  26:54  Photon Cannon  
  134  27:06  Photon Cannon  
  134  27:07  Photon Cannon  
  134  27:10  Photon Cannon  
  134  27:26  Reaver  
  139  28:23  Zealot x3  
  143  28:41  Photon Cannon  
  143  28:43  Photon Cannon  
  143  28:45  High Templar, Photon Cannon  
  143  28:46  High Templar x2, Psionic Storm  
  143  28:49  Archon  
  149  29:40  High Templar x2  
  149  29:41  High Templar  
  149  29:43  Archon x2  
  134  30:12  Zealot  
  134  30:23  Dragoon  
  134  30:34  Photon Cannon  
  134  30:54  High Templar  
  136  31:11  Gateway  
  136  31:14  High Templar  
  136  31:15  Archon  
  136  31:19  Gateway x2  
  138  31:26  Khaydarin Amulet  
  136  31:58  Zealot x2  
  136  32:09  Plasma Surge  
  120  32:22  Zealot  
  122  32:42  Probe (Chrono Boost)  
  123  32:53  High Templar  
  123  32:59  Probe (Chrono Boost)  
  126  33:16  Probe (Chrono Boost)  
  127  33:33  Probe (Chrono Boost)  
  127  33:39  Dragoon x3  
Tags
 
Add a new tag
Caveats
  • Supply blocks, unpowered buildings, or Contaminate may cause inaccurate times.
  • Supply counts are checked every 10 seconds.